 Dungeon Crawl Stone Soup version 0.28-a0-1510-gd0f6b136d3 (webtiles) character file.

Game seed: 3118803199017159553

244172 dolemite99 the Severer (level 19, -4/177 HPs)
             Began as a Hill Orc Fighter on Jan 15, 2022.
             Was a Priest of Cheibriados.
             Killed from afar by an ironbound frostheart (20 damage)
             ... by creeping frost
             ... while paralysed by a vault sentinel
             ... on level 2 of the Vaults.
             The game lasted 01:12:25 (52970 turns).

dolemite99 the Severer (Hill Orc Fighter)          Turns: 52970, Time: 01:12:25

Health: -4/177     AC: 40    Str: 33    XL:     19   Next: 89%
Magic:  20/30      EV:  2    Int: 16    God:    Cheibriados [***...]
Gold:   784        SH:  0    Dex: 20    Spells: 16/24 levels left

rFire   + + .      SeeInvis +   a - +0 broad axe (drain)
rCold   + + .      Faith    .   k - +4 kite shield {rF+}
rNeg    . . .      Spirit   .   A - +1 gold dragon scales
rPois   +          Reflect  .   v - +2 helmet {SInv}
rElec   .          Harm     .   S - +0 cloak
rCorr   .          Rampage  .   N - +1 pair of gloves
Will    +....                   Z - +0 pair of boots
Stlth   ..........              h - amulet of the acrobat
HPRegen 0.39/turn               z - ring of the Tortoise {AC+8, =R}
MPRegen 0.22/turn               Q - ring of protection from cold

@: paralysed, marked, frozen, very slow
A: no striking features
}: 1/15 runes: gossamer
a: Renounce Religion, Bend Time, Temporal Distortion


You were on level 2 of the Vaults.
You worshipped Cheibriados.
Cheibriados was most pleased with you.
You visited 6 branches of the dungeon, and saw 31 of its levels.
You also visited: Ossuary and Bailey.

You collected 3820 gold pieces.
You spent 3036 gold pieces at shops.

Inventory:

Hand Weapons
 a - a +0 broad axe of draining (weapon)
 b - a +4 vorpal hand crossbow
 s - a +2 broad axe
 Y - a +0 vorpal broad axe
Missiles
 m - 120 bolts
 G - 28 boomerangs (quivered)
 J - 234 sling bullets
 K - 10 throwing nets
 U - 3 curare-tipped darts
Armour
 k - a +4 kite shield of fire resistance (worn)
 v - a +2 helmet of see invisible (worn)
 A - +1 gold dragon scales (worn)
 C - a +0 pair of gloves
 N - a +1 pair of gloves (worn)
 S - a +0 cloak (worn)
 Z - a +0 pair of boots (worn)
Magical Staves
 H - a staff of air
Jewellery
 h - an amulet of the acrobat (around neck)
 w - a ring of flight
 y - a +4 ring of slaying
 z - the ring of the Tortoise (left hand) {AC+8, =R}
   (You found it on level 7 of the Dungeon)

   [ring of protection]

   AC:        It affects your AC (+8).
 B - a ring of positive energy
 F - an amulet of faith
 L - a +4 ring of evasion
 P - a ring of fire
 Q - a ring of protection from cold (right hand)
Wands
 g - a wand of polymorph (24)
 i - a wand of digging (6)
 j - a wand of paralysis (20)
 p - a wand of flame (43)
 q - a wand of iceblast (18)
 R - a wand of mindburst (25)
Scrolls
 e - 2 scrolls of noise
 l - 5 scrolls of blinking
 o - 6 scrolls of immolation
 u - a scroll of fog
 D - 11 scrolls of teleportation
 M - 4 scrolls of vulnerability
 T - 10 scrolls of identify {@r1}
 V - 3 scrolls of fear
Potions
 c - 9 potions of lignification
 d - 9 potions of flight
 f - 6 potions of ambrosia
 n - 4 potions of berserk rage
 r - 3 potions of brilliance
 t - 3 potions of cancellation
 x - 11 potions of curing
 E - 10 potions of might
 I - 4 potions of attraction
 O - 4 potions of magic
 X - a potion of resistance
Miscellaneous
 W - a phantom mirror


   Skills:
 + Level 17.6 Fighting
 - Level 18.2 Axes
 + Level 10.7 Crossbows
 + Level 17.8 Armour
 - Level 14.9 Shields
 - Level 3.0 Spellcasting
 - Level 13.5 Necromancy
 - Level 8.0 Translocations
 - Level 0.9 Earth Magic
 - Level 15.5 Invocations
 - Level 2.0 Evocations


You had 16 spell levels left.
You knew the following spells:

 Your Spells              Type           Power      Damage    Failure   Level
a - Blink                 Tloc           56%        N/A       19%         2
b - Passwall              Tmut/Erth      2%         N/A       99%         2
c - Animate Dead          Necr           22%        N/A       12%         4

Your spell library contained the following spells:

 Spells                   Type           Power      Damage    Failure   Level
 Agony                    Necr           45%        N/A       34%         5
 Gell's Gravitas          Tloc           28%        N/A       36%         3
 Lesser Beckoning         Tloc           28%        N/A       36%         3
 Teleport Other           Tloc           28%        N/A       36%         3
 Portal Projectile        Hex/Tloc       30%        N/A       88%         3
 Shock                    Conj/Air       8%         1d3       97%         1
 Sting                    Tmut/Pois      8%         1d3       97%         1
 Manifold Assault         Tloc           28%        N/A       98%         5
 Ensorcelled Hibernation  Hex/Ice        4%         N/A       99%         2
 Poisonous Vapours        Pois/Air       4%         N/A       99%         2
 Scorch                   Fire           4%         2d5       99%         2
 Static Discharge         Conj/Air       2%         N/A       99%         2
 Call Canine Familiar     Summ           2%         N/A       100%        3
 Dazzling Flash           Conj/Hex       4%         N/A       100%        3
 Swiftness                Air            2%         N/A       100%        3
 Airstrike                Air            1%         N/A       100%        4
 Cause Fear               Hex            1%         N/A       100%        4
 Flame Wave               Conj/Fire      2%         2d4       100%        4
 Leda's Liquefaction      Hex/Erth       1%         N/A       100%        4
 Olgreb's Toxic Radiance  Pois           2%         N/A       100%        4
 Fireball                 Conj/Fire      1%         3d3       100%        5
 Silence                  Hex/Air        1%         N/A       100%        5
 Conjure Ball Lightning   Conj/Air       1%         3x3d6     100%        6
 Summon Cactus Giant      Summ           1%         N/A       100%        6
 Dragon Form              Tmut           1%         N/A       100%        7
 Haunt                    Necr/Summ      12%        N/A       100%        7
 Spellforged Servitor     Conj/Summ      1%         N/A       100%        7
 Ignition                 Fire           1%         3d3       100%        8
 Infestation              Necr           22%        N/A       100%        8
 Dragon's Call            Summ           1%         N/A       100%        9


Dungeon Overview and Level Annotations

Branches:
Dungeon (15/15)            Temple (0/1) D:4            Lair (6/6) D:9
 Shoals (2/4) Lair:2       Spider (4/4) Lair:2        Slime (0/5) Lair:5
    Orc (2/2) D:12            Elf (0/3) Orc:2        Vaults (2/5) D:14
 Depths (0/4) D:15        Ossuary (visited)          Bailey (visited)
  Crypt: Vaults:2-3

Altars:
Cheibriados
Dithmenos
Gozag
Hepliaklqana
Nemelex Xobeh
Okawaru
Trog
Vehumet
Xom
Yredelemnul
Beogh
Jiyva

Shops:
D:3 [   D:4 *   D:7 ?   D:10 (   Orc:2 :*(=[   Vaults:1 ![=(

Annotations:
D:15 3 runed translucent doors, Pigot's ghost, journeyman MiBe
Lair:4 1 runed translucent door
Shoals:2 Mlioglotl
Orc:1 2 transporters, Ezucar's ghost, journeyman TrMo


Message History

The ironbound preserver hits you but does no damage.
The great orb of eyes gazes at you. You resist with some effort.
The vault guard hits you but does no damage.
You can move again.
Things that are here:
a +0 arbalest; 26 bolts You feel better.
You block the ironbound preserver's attack.
The great orb of eyes barely misses you.
You block the vault guard's attack.
The vault sentinel casts a spell at you.
You barely resist.
You feel better.
You block the ironbound preserver's attack.
The great orb of eyes gazes at you. You resist with significant effort.
The vault guard hits you from afar with a +0 bardiche!
* * * LOW HITPOINT WARNING * * *
The vault sentinel casts a spell at you.
The mark upon you grows brighter.
You slice the great orb of eyes!!
You kill the great orb of eyes!
Cheibriados appreciates the change of pace.
You slash the ironbound preserver! You drain the ironbound preserver.
The ironbound preserver hits you but does no damage.
You block the vault guard's attack.
The vault sentinel blows a loud note on a signal horn! x2
Blink to where?
Press: ? - help, Dir - move target
As you read the scroll of blinking, it crumbles to dust.
The ironbound frostheart calls freezing cold from the walls.
The frost grips you but does no damage.
You are encased in ice.
The vault sentinel casts a spell at you.
You barely resist.
The vault sentinel zaps a wand.
You suddenly lose the ability to move!
The ironbound frostheart calls freezing cold from the walls.
The frost grips you!! You partially resist.
You die...

######## #......#
#......# #.. #......# #
#...#...<..# ..
#...#..)[..# ..[
#...#..!...# ....
########...####+###.....
......[.........@).......
........)..p)...)[.......
.........pp.............
.........)p).######+++##
#.....))...# .....
#......p...# #.$.
#......††..# #..
#......†...# #.
#...)..†...#


You could see an ironbound preserver (drained), a vault guard (sheltered), an
ironbound frostheart and 2 vault sentinels.

Vanquished Creatures
  Mara (Spider:3)
  A titan (Shoals:1)
  Agnes (D:14)
  Kirke (D:15)
  Donald (Shoals:1)
  8 ghost moths
  5 emperor scorpions
  2 frost giants
  Louise (D:14)
  8 vault wardens
  2 very ugly things (Vaults:2)
  7 ironbound preservers
  An ironbound thunderhulk (Vaults:1)
  3 broodmothers
  Azrael (Orc:2)
  12 dire elephants (Vaults:1)
  A spark wasp (Spider:4)
  9 entropy weavers
  A merfolk impaler (Shoals:1)
  2 yaktaur captains
  3 great orbs of eyes
  A rakshasa (D:15)
  Josephine (Orc:1)
  7 hydras
  5 boulder beetles
  2 catoblepae
  3 centaur warriors
  Erica (D:11)
  A merfolk avatar (Shoals:1)
  10 vault guards
  4 ironbound frosthearts (Vaults:1)
  13 two-headed ogres
  2 dancing weapons (D:14)
  A merfolk aquamancer (Shoals:2)
  An ogre mage (D:15)
  A death knight (D:14)
  5 death yaks (Lair:6)
  A tengu warrior (D:15)
  An orc high priest (Orc:1)
  5 pharaoh ants
  25 deep trolls
  7 orb spiders
  16 steelbarb worms
  5 skeletal warriors
  A sun moth (Spider:3)
  A glowing orange brain (Vaults:1)
  4 sea snakes (Shoals:1)
  9 ironbound convokers
  3 wizards (Vaults:1)
  Pikel (D:7)
  4 necromancers
  9 lindwurms
  19 ugly things
  4 harpies (Vaults:2)
  2 deep elf pyromancers
  A harpy (shapeshifter) (D:14)
  23 wolf spiders
  11 manticores
  10 orc sorcerers
  3 oklob plants (Lair:3)
  7 cyclopes
  2 merfolk sirens (Shoals:1)
  A stone giant skeleton (Vaults:1)
  A water nymph (Shoals:1)
  An elf zombie (Vaults:1)
  A moth of wrath (Spider:4)
  6 black mambas
  Joseph (D:8)
  9 vault sentinels
  11 elephants
  6 demonic crawlers
  19 cane toads
  2 unseen horrors
  4 torpor snails
  8 komodo dragons
  4 rime drakes
  A komodo dragon (shapeshifter) (D:15)
  8 yaktaurs
  14 merfolk
  15 meliai
  47 tarantellas
  6 trolls
  Grinder (D:4)
  Prince Ribbit (D:5)
  A tarantella (shapeshifter) (Vaults:1)
  2 wind drakes
  31 blink frogs
  3 polar bears
  5 hornets (Spider:4)
  2 snapping turtles
  6 dream sheep
  18 slime creatures
  2 ettin zombies (Vaults:1)
  36 jumping spiders
  8 wraiths
  A spriggan (Lair:5)
  4 hogs (D:15)
  18 culicivoras
  3 water elementals (Shoals:2)
  2 shadows
  58 yaks
  3 wyverns
  7 basilisks
  11 vampire mosquitoes
  Grum (D:10)
  74 redbacks
  Menkaure (D:4)
  6 wargs
  An acid dragon (D:10)
  3 hell hounds (Orc:2)
  13 water moccasins
  A floating eye (D:9)
  3 black bears
  A sky beast (D:5)
  24 orc warriors
  A hornet zombie (D:9)
  An ice beast (D:7)
  A necrophage (D:5)
  3 boggarts (D:14)
  11 centaurs
  21 wolves
  8 ogres
  2 human skeletons (Vaults:1)
  3 lemures (D:7)
  14 bullfrogs
  4 kobold brigands
  6 gnoll sergeants
  A glowing shapeshifter simulacrum (Vaults:1)
  3 scorpions
  5 killer bees (D:11)
  10 wights
  5 howler monkeys
  8 electric eels (D:11)
  A crimson imp (D:8)
  A lava snake (D:7)
  5 centaur zombies
  2 jellies
  8 orc priests
  A centaur skeleton (D:7)
  A bullfrog skeleton (D:5)
  2 hounds
  Jessica (D:3)
  Ijyb (D:4)
  Terence (D:2)
  5 iguanas
  32 orc wizards
  A scorpion zombie (D:5)
  A yak simulacrum (D:15)
  2 polar bear simulacra (D:15)
  7 wolf simulacra (D:15)
  A killer bee zombie (D:7)
  12 mummies (Ossuary)
  5 howler monkey zombies
  9 adders
  23 gnolls
  A shadow imp (D:6)
  A white imp (D:8)
  2 worms
  A dart slug (D:2)
  84 orcs
  10 ball pythons
  8 endoplasms
  A giant cockroach (D:1)
  4 goblins
  9 hobgoblins
  5 jackals
  12 kobolds
  3 quokkas
  2 bats (D:1)
  3 frilled lizards (D:1)
  2 gnoll skeletons (Ossuary)
  4 kobold skeletons (Ossuary)
  2 orc skeletons (Ossuary)
  9 rats
  11 rat skeletons (Ossuary)
  A river rat simulacrum (D:15)
1223 creatures vanquished.

Vanquished Creatures (collateral kills)
  A death yak (Lair:6)
  A deep troll (Vaults:1)
  An ironbound convoker (Vaults:1)
  A wizard (Vaults:1)
  A jumping spider (Spider:4)
5 creatures vanquished.

Vanquished Creatures (others)
  A rime drake (Lair:2)
  A fire elemental (Orc:2)
  A human (D:15)
  A hell hound (Orc:2)
  2 orcs
  30 fungi
  99 plants
135 creatures vanquished.

Grand Total: 1363 creatures vanquished

Notes
Turn   | Place    | Note
-------+----------+-------------------------------------------
     0 | D:1      | dolemite99 the Hill Orc Fighter began the quest for the
                  | Orb.
     0 | D:1      | Reached XP level 1. HP: 19/19 MP: 1/1
    21 | D:1      | Reached skill level 3 in Axes
    39 | D:1      | Reached XP level 2. HP: 19/26 MP: 2/2
   211 | D:1      | Found a faded altar of an unknown god.
   221 | D:1      | Prayed at the altar of an unknown god.
   221 | D:1      | Became a worshipper of Cheibriados the Contemplative
   221 | D:1      | Reached * piety under Cheibriados
   230 | D:1      | Reached skill level 4 in Axes
   293 | D:1      | Reached XP level 3. HP: 33/33 MP: 3/3
   386 | D:1      | Got the Disquisition on Fire and Flight
   919 | D:2      | Reached ** piety under Cheibriados
  1257 | D:2      | Noticed Terence
  1263 | D:2      | Killed Terence
  1264 | D:2      | Reached skill level 5 in Axes
  1264 | D:2      | Reached XP level 4. HP: 25/40 MP: 4/4
  1638 | D:3      | Noticed an ogre
  1644 | D:3      | Killed an ogre
  1645 | D:3      | Reached XP level 5. HP: 23/47 MP: 5/5
  1649 | D:3      | Reached skill level 6 in Axes
  2174 | D:3      | Found Imoskeal's Armour Emporium.
  2555 | D:3      | Noticed Jessica
  2968 | D:3      | Killed Jessica
  3130 | D:3      | Reached XP level 6. HP: 51/55 MP: 6/6
  3582 | D:4      | Reached skill level 5 in Fighting
  3606 | D:4      | Noticed Grinder
  3613 | D:4      | Paralysed by Grinder for 7 turns
  3625 | D:4      | Paralysed by Grinder for 6 turns
  3632 | D:4      | Paralysed by Grinder for 4 turns
  3656 | D:4      | Killed Grinder
  3657 | D:4      | Reached skill level 7 in Axes
  3657 | D:4      | Reached skill level 5 in Armour
  3657 | D:4      | Reached XP level 7. HP: 31/61 MP: 7/7
  3826 | D:4      | Found a sparkling altar of Nemelex Xobeh.
  4077 | D:4      | Reached *** piety under Cheibriados
  4383 | D:4      | Found Lisuh's Specific Store.
  4384 | D:4      | Found Lug Iha's General Store.
  4393 | D:4      | Bought a potion of curing for 33 gold pieces
  4415 | D:4      | Noticed Ijyb
  4432 | D:4      | Killed Ijyb
  4433 | D:4      | Reached skill level 8 in Axes
  4834 | D:4      | Noticed Menkaure
  4839 | D:4      | Killed Menkaure
  4947 | D:4      | Found a staircase to the Ecumenical Temple.
  5043 | D:5      | Entered Level 5 of the Dungeon
  5192 | D:5      | Reached XP level 8. HP: 70/70 MP: 8/8
  5367 | D:5      | Reached skill level 5 in Shields
  5450 | D:5      | Found a sand-covered staircase.
  5454 | Ossuary  | Entered an ossuary
  5718 | Ossuary  | Reached **** piety under Cheibriados
  6153 | D:5      | Reached skill level 1 in Invocations
  6239 | D:5      | Identified the +7 whip of Exquisite Torment {antimagic,
                  | *Noise rElec rCorr Str+6}
  6702 | D:5      | Reached ***** piety under Cheibriados
  6708 | D:5      | Reached skill level 5 in Invocations
  6881 | D:5      | Reached XP level 9. HP: 64/75 MP: 13/13
  6940 | D:5      | Noticed Prince Ribbit
  6947 | D:5      | Killed Prince Ribbit
  7311 | D:6      | Reached skill level 9 in Axes
  7426 | D:6      | Found a hazy altar of Hepliaklqana.
  7430 | D:6      | Learned a level 2 spell: Blink
  7433 | D:6      | Learned a level 2 spell: Passwall
  7508 | D:6      | Found an opulent altar of Gozag.
  7582 | D:6      | Reached skill level 10 in Axes
  8219 | D:6      | Found a shimmering altar of Xom.
  8416 | D:7      | Found the ring of the Tortoise {AC+8}
  8555 | D:7      | Found Xuriudgha's Magic Scroll Emporium.
  8662 | D:7      | Bought a scroll of teleportation for 36 gold pieces
  8662 | D:7      | Bought a scroll of holy word for 90 gold pieces
  8712 | D:7      | Reached skill level 11 in Axes
  8720 | D:7      | Got Xaawkoe's Grimoire of Damage Dealing
  8971 | D:7      | Noticed Pikel
  8976 | D:7      | Killed Pikel
  8977 | D:7      | Reached skill level 12 in Axes
  9401 | D:7      | Found an iron altar of Okawaru.
  9419 | D:7      | Reached XP level 10. HP: 63/81 MP: 15/15
  9540 | D:7      | Reached skill level 13 in Axes
 10225 | D:8      | Found a flagged portal.
 10239 | Bailey   | Entered a bailey
 11557 | Bailey   | Reached skill level 1 in Evocations
 12081 | D:8      | Found a shadowy altar of Dithmenos.
 12444 | D:8      | Identified the +5 ring mail "Jolich" {rC- rCorr Dex+4}
 12453 | D:8      | Noticed Joseph
 12467 | D:8      | Killed Joseph
 12938 | D:9      | Reached XP level 11. HP: 92/92 MP: 18/18
 13054 | D:9      | Reached skill level 1 in Crossbows
 13083 | D:9      | Found a staircase to the Lair.
 13267 | D:9      | Noticed a two-headed ogre
 13277 | D:9      | Killed a two-headed ogre
 13567 | D:9      | Noticed a two-headed ogre
 13578 | D:9      | Killed a two-headed ogre
 14358 | D:9      | Paralysed by a floating eye for 2 turns
 14363 | D:9      | Paralysed by a floating eye for 2 turns
 14369 | D:9      | Noticed a two-headed ogre
 14369 | D:9      | Noticed a two-headed ogre
 14558 | D:9      | Killed a two-headed ogre
 14559 | D:9      | Reached skill level 10 in Fighting
 14563 | D:9      | Killed a two-headed ogre
 14686 | D:10     | Entered Level 10 of the Dungeon
 14691 | D:10     | Found Renoc's Weapon Shoppe.
 14892 | D:10     | Bought 15 bolts for 30 gold pieces
 14941 | D:10     | Noticed Grum
 14956 | D:10     | Killed Grum
 15305 | D:10     | Reached XP level 12. HP: 108/112 MP: 19/19
 15609 | D:10     | Found a basalt altar of Yredelemnul.
 16676 | Lair:1   | Entered Level 1 of the Lair of Beasts
 17191 | Lair:1   | Noticed a seven-headed hydra
 17195 | Lair:1   | Killed a seven-headed hydra
 17998 | Lair:2   | Reached skill level 10 in Shields
 18115 | Lair:2   | Found a hole to the Spider Nest.
 18190 | Lair:2   | Reached ****** piety under Cheibriados
 18312 | Lair:2   | Reached skill level 10 in Armour
 18571 | Lair:2   | Reached XP level 13. HP: 74/119 MP: 20/20
 18763 | Lair:2   | Found a staircase to the Shoals.
 19358 | Lair:2   | Reached skill level 15 in Armour
 20003 | Lair:3   | Reached skill level 14 in Axes
 20110 | Lair:3   | Identified a scroll of acquirement
 20110 | Lair:3   | Acquired 1041 gold pieces
 20357 | D:3      | Bought +0 gold dragon scales for 960 gold pieces
 22241 | Lair:4   | Reached skill level 5 in Crossbows
 22984 | Lair:4   | Found a runed translucent door.
 24040 | Lair:5   | Found a staircase to the Slime Pits.
 24040 | Lair:5   | Found a viscous altar of Jiyva.
 24150 | Lair:5   | Reached XP level 14. HP: 117/130 MP: 21/21
 25041 | D:3      | Bought a +2 helmet of see invisible for 258 gold pieces
 25145 | D:7      | Bought a scroll of enchant armour for 90 gold pieces
 25148 | D:7      | Bought a scroll of enchant weapon for 90 gold pieces
 25148 | D:7      | Bought a scroll of enchant weapon for 90 gold pieces
 25437 | Lair:6   | Entered Level 6 of the Lair of Beasts
 26761 | Lair:6   | Reached skill level 15 in Fighting
 27919 | Lair:6   | Identified the +8 spear "Ganu" {freeze, Fragile rF+ rN++
                  | SInv}
 28260 | D:11     | Noticed Erica
 28265 | D:11     | Killed Erica
 28813 | D:11     | Reached XP level 15. HP: 141/141 MP: 22/22
 29054 | D:12     | Found a staircase to the Orcish Mines.
 29375 | D:12     | Reached skill level 10 in Invocations
 29813 | Orc:1    | Entered Level 1 of the Orcish Mines
 29813 | Orc:1    | Noticed Josephine
 29828 | Orc:1    | Killed Josephine
 30133 | Orc:2    | Entered Level 2 of the Orcish Mines
 30736 | Orc:2    | Found Abior Jebu's Antique Weapon Boutique.
 30805 | Orc:2    | Bought a broad axe for 88 gold pieces
 30852 | Orc:1    | Reached skill level 15 in Axes
 31056 | Orc:1    | Found a transporter.
 31057 | Orc:1    | Found a bloodstained altar of Trog.
 31057 | Orc:1    | Noticed Ezucar's ghost (journeyman TrMo)
 31063 | Orc:1    | Found a transporter.
 31535 | Orc:2    | Noticed Azrael
 31551 | Orc:2    | HP: 2/141 [Azrael (8)]
 31552 | Orc:2    | Killed Azrael
 32185 | Orc:2    | Found a staircase to the Elven Halls.
 32376 | Orc:2    | Found Ahoug's Antique Armour Shoppe.
 32376 | Orc:2    | Found Fixet's Jewellery Shop.
 32666 | Orc:2    | Found a roughly hewn altar of Beogh.
 33024 | Orc:2    | Found Wulekeant's Book Shop.
 33024 | Orc:2    | Found Humpeurr's Assorted Antiques.
 33030 | Orc:2    | Bought a scroll of blinking for 195 gold pieces
 33030 | Orc:2    | Bought a scroll of magic mapping for 91 gold pieces
 33030 | Orc:2    | Bought a scroll of teleportation for 78 gold pieces
 33030 | Orc:2    | Bought a scroll of fog for 52 gold pieces
 33971 | D:13     | Found a radiant altar of Vehumet.
 34081 | D:14     | Reached skill level 16 in Axes
 34399 | D:14     | Noticed Louise
 34408 | D:14     | Killed Louise
 34520 | D:14     | Noticed Agnes
 34535 | D:14     | Killed Agnes
 35537 | D:14     | Found a gate to the Vaults.
 35734 | D:15     | Entered Level 15 of the Dungeon
 35734 | D:15     | Found a runed translucent gate.
 35734 | D:15     | Found a runed translucent gate.
 35734 | D:15     | Found a runed translucent gate.
 35770 | D:15     | Noticed an acid blob
 35770 | D:15     | Noticed Pigot's ghost (journeyman MiBe)
 35797 | D:14     | Reached skill level 17 in Axes
 35896 | D:15     | Paralysed by an ogre mage for 2 turns
 35913 | D:15     | Reached XP level 16. HP: 140/149 MP: 26/26
 36616 | D:15     | Noticed Kirke
 36626 | D:15     | Killed Kirke
 36627 | D:15     | Reached skill level 15 in Invocations
 36838 | D:15     | Reached skill level 18 in Axes
 36853 | D:15     | Paralysed by a great orb of eyes for 3 turns
 37283 | D:15     | Found a viscous altar of Jiyva.
 37321 | D:15     | Found a staircase to the Depths.
 37588 | Spider:1 | Entered Level 1 of the Spider Nest
 40596 | Spider:2 | Reached XP level 17. HP: 159/159 MP: 28/28
 41611 | Spider:3 | Reached skill level 1 in Translocations
 41614 | Spider:3 | Noticed Mara
 41631 | Spider:3 | Noticed dolemite99's illusion
 41638 | Spider:3 | Killed Mara
 41970 | Spider:3 | Reached skill level 5 in Translocations
 42747 | Spider:4 | Entered Level 4 of the Spider Nest
 42988 | Spider:4 | Reached skill level 1 in Spellcasting
 43496 | Spider:4 | Learned a level 4 spell: Animate Dead
 43574 | Spider:4 | Reached skill level 1 in Necromancy
 43776 | Spider:4 | Reached XP level 18. HP: 168/168 MP: 29/29
 44101 | Spider:4 | Reached skill level 5 in Necromancy
 44988 | Spider:4 | Got a gossamer rune of Zot
 45669 | Shoals:1 | Entered Level 1 of the Shoals
 45838 | Shoals:1 | Noticed a titan
 45880 | Shoals:1 | HP: 6/168 [titan/bolt of lightning (9)]
 45892 | Shoals:1 | Killed a titan
 47377 | Shoals:1 | Noticed Donald
 47392 | Shoals:1 | Killed Donald
 48229 | Shoals:2 | Noticed Mlioglotl
 48480 | Vaults:1 | Entered Level 1 of the Vaults
 48497 | Vaults:1 | Reached skill level 10 in Necromancy
 49285 | Vaults:1 | Found Kamajuk's Weapon Emporium.
 49468 | Vaults:1 | Found Qoschuul's Jewellery Shop.
 49923 | Vaults:1 | Reached XP level 19. HP: 137/174 MP: 16/30
 50708 | Vaults:1 | Found Waihyext's Distillery.
 50720 | Vaults:1 | Bought a potion of heal wounds for 75 gold pieces
 50720 | Vaults:1 | Bought a potion of invisibility for 120 gold pieces
 50720 | Vaults:1 | Bought 3 potions of might for 180 gold pieces
 50720 | Vaults:1 | Bought a potion of might for 60 gold pieces
 50720 | Vaults:1 | Bought a potion of might for 60 gold pieces
 50720 | Vaults:1 | Bought a potion of might for 60 gold pieces
 52066 | Vaults:1 | Reached skill level 10 in Crossbows
 52079 | Vaults:1 | Found Dyrotyuh's Antique Armour Shop.
 52370 | Vaults:1 | Bought a pair of embroidered gloves for 300 gold pieces
 52857 | Vaults:2 | Paralysed by a great orb of eyes for 6 turns
 52955 | Vaults:2 | Paralysed by a great orb of eyes for 3 turns
 52960 | Vaults:2 | Paralysed by a great orb of eyes for 6 turns
 52969 | Vaults:2 | Paralysed by a vault sentinel for 6 turns
 52970 | Vaults:2 | Killed from afar by an ironbound frostheart

Illustrated notes

Levels and vault maps discovered:
D:1:      eino_arrival_water_star, layout_basic,
          shapermc_ecumenical_altar_starsandcircs, minmay_splitting_lines,
          st_stairs_10
D:2:      layout_rooms, minmay_misc_feat_rows, lemuel_another_geyser,
          uniq_terence
D:3:      layout_loops_ring, serial_shops, nicolae_shop_stone,
          hangedman_abyss_or_decor_lesser_grid, uniq_jessica
D:4:      layout_rooms, lemuel_doored_altar, minmay_temple_entry_waves,
          nicolae_specific_store, minmay_misc_feat_x, uniq_grinder,
          uniq_menkaure, uniq_ijyb
D:5:      layout_cave_pools, enter_ossuary_5, skrybe_limestone_x,
          nicolae_grassy_gnolls, uniq_prince_ribbit1
D:6:      layout_loops_cross, mainiacjoe_overflow_catch_the_wave,
          xom_butterflies
D:7:      layout_basic, okawaru_ov_weapons_minmay, serial_shops,
          nicolae_square_shop, kennysheep_potato, uniq_pikel
D:8:      layout_loops_cross, old_standard_altar, enter_bailey_2,
          minmay_fire_ice_demons, uniq_joseph
D:9:      layout_rooms, david_lair_generic, corner_web_ring, onia_ninara_cookie
D:10:     layout_loops_ring, mainiacjoe_overflow_paths, serial_shops,
          nicolae_shop_bloodbath_and_beyond, uniq_grum
D:11:     erik_rubicon_a, layout_cave_pods, roderic_roman_lattice, uniq_erica
D:12:     layout_basic, david_orc_2
D:13:     layout_cave_pods, chequers_serial_rivers_room_b, vehumet_crystals
D:14:     layout_cave_pools, erik_vaults_1, uniq_agnes, uniq_louise
D:15:     gammafunk_enter_depths_forms, layout_cave_pools, gammafunk_ghost_ooze,
          grunt_decor_mini_mirrors, minmay_misc_feat_iff,
          eino_house_with_fridge, uniq_kirke
Lair:1:   layout_loops_ring
Lair:2:   nzn_winding_woodlands_three_and_one
          [nzn_winding_woodlands_5x15_pockets,
          nzn_winding_woodlands_5x15_lazy_stream,
          nzn_winding_woodlands_5x15_default,
          nzn_winding_woodlands_center_pierced_h], layout_long_grid,
          minmay_shoals_entry_beasts, dummy_spider_entry,
          mumra_transporter_accident, serial_bayou_pond_e
Lair:3:   dpeg_oklob_gauntlet, layout_loops_ring, serial_rivers,
          chequers_serial_rivers_room_b, chequers_serial_rivers_micro_d,
          chequers_serial_rivers_large_b, chequers_serial_rivers_marsh,
          serial_bayou_shore_b
Lair:4:   gammafunk_indiana_jones, layout_cellular_growth,
          chequers_serial_rivers_small_b
Lair:5:   layout_cave_shapes, slime_altar_1, wad_woods_03, grunt_megastairs_5
Lair:6:   hangedman_lair_in_review, layout_small_grid, grunt_megastairs_4
Shoals:1: cheibrodos_shoals_gigantism, layout_shoals,
          nicolae_shoals_flooded_hall, uniq_donald
Shoals:2: layout_shoals, nicolae_shoals_land_atoll, uniq_mlioglotl,
          uniq_polyphemus, uniq_ilsuiw
Spider:1: layout_cave_pods, nicolae_spider_circle_web
Spider:2: lemuel_spider_zombies
Spider:3: cheibrodos_spider_silkery, uniq_mara
Spider:4: grunt_spider_rune_parallel, nicolae_spider_spiderdrome
Orc:1:    layout_diamond_mine, gammafunk_ghost_wrathful_warriors, uniq_josephine
Orc:2:    st_orc_town, layout_diamond_mine, serial_shops, nicolae_square_shop,
          uniq_azrael
Vaults:1: ontoclasm_vaults_twist, vaults_mumra_chevron, v_misc_3, v_pattern_5,
          nicolae_vaults_halls_meeting, ontoclasm_vaults_bender,
          vaults_mumra_hex, vaults_room_grunt_arrival_checkpoint,
          hangedman_vaults_unwind, nicolae_vaults_little_squares_1,
          nicolae_vaults_what_the_h, layout_vaults_maze_bifur, serial_shops,
          shop_fountains, nicolae_shop_competitors_out_of_business, shop,
          nicolae_shop_trees
Vaults:2: grunt_vaults_swirl, vaults_room_ringed_pool, vaults_standard_mumra_x,
          v_misc_1, v_misc_14, nicolae_vaults_mini_display_case,
          vaults_room_semicircle, layout_vaults_omnigrid,
          nicolae_trove_entry_free_sample

Skill      XL: |  1  2  3  4  5  6  7  8  9 10 11 12 13 14 15 16 17 18 19 |
---------------+----------------------------------------------------------+-----
Axes           | 3 4 5 6 7 8 12 13 14 17 18 | 18.2
Fighting       | 4 5 6 7 12 13 15 16 17 | 17.6
Armour         | 4 5 9 13 16 17 | 17.8
Shields        | 4 6 7 11 12 13 14 | 14.9
Invocations    | 6 7 9 14 15 | 15.5
Evocations     | 2 |  2.0
Crossbows      | 4 5 8 9 10 | 10.7
Translocations | 8 |  8.0
Spellcasting   | 3 |  3.0
Necromancy     | 2 12 13 | 13.5
Earth Magic    | |  0.9

Action                   |  1- 3 |  4- 6 |  7- 9 | 10-12 | 13-15 | 16-18 | 19-21 || total
-------------------------+-------+-------+-------+-------+-------+-------+-------++-------
Melee: War axe           |    97 |    44 |   162 |   339 |   249 |       |       ||   891
       Short sword       |       |    27 |       |       |       |       |       ||    27
       Broad axe         |       |       |       |       |    70 |   828 |   359 ||  1257
 Fire: Hand crossbow     |       |       |   100 |   117 |   569 |   460 |       ||  1246
Throw: Stone             |     5 |     1 |     8 |     1 |       |       |       ||    15
       Dart              |       |     2 |     3 |     2 |       |       |       ||     7
       Boomerang         |       |       |       |    22 |    27 |    67 |     9 ||   125
 Cast: Animate Dead      |       |       |       |       |       |     1 |     8 ||     9
Invok: Slouch            |       |       |     3 |     4 |    20 |    25 |     8 ||    60
       Temporal Distorti |       |       |       |       |     2 |     2 |     1 ||     5
Evoke: Wand              |       |       |     1 |    14 |    16 |     8 |       ||    39
       Phantom mirror    |       |       |       |     1 |     4 |     5 |     1 ||    11
  Use: Potion            |       |     4 |       |     3 |     6 |    11 |     9 ||    33
       Scroll            |       |     5 |    21 |     9 |    15 |     7 |     5 ||    62
 Stab: Distracted        |       |       |       |     4 |    13 |       |     1 ||    18
       Petrified         |       |       |       |       |     1 |       |       ||     1
       Invisible         |       |       |       |       |     1 |       |     5 ||     6
       Fleeing           |       |       |       |       |       |       |     1 ||     1
Armor: Scale mail        |    54 |    22 |    38 |       |       |       |       ||   114
       Skin              |       |       |     5 |       |       |       |       ||     5
       Chain mail        |       |       |    18 |    30 |       |       |       ||    48
       Plate armour      |       |       |       |   160 |    17 |       |       ||   177
       Gold dragon scale |       |       |       |       |   285 |   596 |   217 ||  1098
Dodge: Dodged            |    43 |    34 |    53 |   168 |   166 |   295 |    92 ||   851
Block: Buckler           |    24 |    10 |       |       |       |       |       ||    34
       Kite shield       |       |    14 |   115 |   310 |   584 |  1022 |   312 ||  2357

Table legend: (Time is in decaauts)
 A = Elapsed time spent in this place.
 B = Non-inter-level travel time spent in this place.
 C = Inter-level travel time spent in this place.
 D = Time resting spent in this place.
 E = Time spent auto-exploring this place.
 F = Levels seen in this place.
 G = Mean time per level.
                   A        B        C        D        E       F      G
               +--------+--------+--------+--------+--------+-----+--------+
         Total |  72377 |  66028 |   6349 |  21063 |  32916 |  33 | 2193.2 |
       Dungeon |  29819 |  26429 |   3390 |   7149 |  15048 |  15 | 1987.9 |
          Lair |  16388 |  14347 |   2041 |   3921 |   8413 |   6 | 2731.3 |
        Shoals |   3405 |   3164 |    241 |   1511 |    948 |   2 | 1702.5 |
   Spider Nest |  10305 |   9908 |    397 |   3861 |   3710 |   4 | 2576.2 |
  Orcish Mines |   4773 |   4662 |    111 |   1518 |   2258 |   2 | 2386.5 |
        Vaults |   4903 |   4736 |    167 |   1884 |   1898 |   2 | 2451.5 |
       Ossuary |    826 |    826 |      0 |    248 |    291 |   1 |  826.0 |
        Bailey |   1955 |   1955 |      0 |    968 |    347 |   1 | 1955.0 |
               +--------+--------+--------+--------+--------+-----+--------+

Top non-repeatable levels by time:
Vaults:1: 4511 daAuts
Spider:1: 3654 daAuts
Spider:4: 3470 daAuts
  Lair:6: 3350 daAuts
   Orc:2: 3308 daAuts
Shoals:1: 3188 daAuts
  Lair:2: 3113 daAuts
    D:14: 2912 daAuts
  Lair:3: 2871 daAuts
     D:3: 2798 daAuts
     D:7: 2585 daAuts
     D:9: 2570 daAuts
  Lair:1: 2543 daAuts
    D:10: 2393 daAuts
  Lair:4: 2339 daAuts
